 Dungeon Crawl Stone Soup version 0.27-a0-1416-g941b2bd30b (webtiles) character file.

Game seed: 8395141335226904716

270 pyrow613 the Shield-Bearer (level 6, 0/49 HPs)
             Began as a Formicid Fighter on July 1, 2021.
             Slain by an orc (3 damage)
             ... on level 4 of the Dungeon.
             The game lasted 00:04:24 (3616 turns).

pyrow613 the Shield-Bearer (Formicid Fighter)       Turns: 3616, Time: 00:04:24

Health: 0/49       AC:  9    Str: 19 (22) XL:     6   Next: 46%
Magic:  6/6        EV:  8    Int:  6 (8)  God:
Gold:   120        SH:  9    Dex: 10 (13) Spells: 5/5 levels left

rFire    . . .     SeeInvis +   a - +0 long sword
rCold    . . .     Faith    .   c - +0 kite shield
rNeg     . . .     Spirit   .   b - +0 scale mail
rPois    .         Reflect  .   (helmet unavailable)
rElec    .         Harm     .   (no cloak)
rCorr    .         Rampage  .   j - +1 pair of gloves {Dex+3}
Will     .....                  (no boots)
Stlth    ..........             (no amulet)
HPRegen  0.16/turn              (no ring)
MPRegen  0.10/turn              (no ring)

@: no status effects
A: permanent stasis, dig shafts and tunnels, antennae 3, four strong arms
a: Dig, Shaft Self


You were on level 4 of the Dungeon.
You visited 1 branch of the dungeon, and saw 4 of its levels.

You collected 120 gold pieces.

Inventory:

Hand Weapons
 a - a +0 long sword (weapon)
Armour
 b - a +0 scale mail (worn)
 c - a +0 kite shield (worn)
 j - a +1 pair of gloves of dexterity (worn)
 o - a +2 tower shield
Jewellery
 f - a ring of ice
Scrolls
 e - a scroll of vulnerability {unknown}
 h - a scroll of enchant armour {unknown}
 l - 2 scrolls of fog {unknown}
 m - a scroll of enchant weapon {unknown}
 n - a scroll of identify {unknown}
Potions
 g - a potion of degeneration
 i - a potion of haste
 k - a potion of heal wounds {unknown}


   Skills:
 + Level 4.4 Fighting
 * Level 4.3 Long Blades
 + Level 4.3 Armour
 + Level 4.8 Shields


You had 5 spell levels left.
You didn't know any spells.
Your spell library was empty.

Dungeon Overview and Level Annotations

Branches:
Dungeon (4/15)
 Temple: D:4-7

Altars:


Innate Abilities, Weirdness & Mutations

You cannot be hasted, slowed, berserked, paralysed or teleported.
You can dig through walls and to a lower floor.
You have a pair of large antennae on your head. (SInv)
Your four strong arms can wield two-handed weapons with a shield.


Message History

You are no longer poisoned.
The orc hits you but does no damage. The orc closely misses you.
The orc wizard hits you but does no damage.
You barely miss the orc. The orc closely misses you.
You block the orc's attack. The orc wizard closely misses you.
You riposte.
You hit the orc wizard.
The orc wizard is almost dead.
You block the orc's attack. The orc hits you but does no damage.
The orc wizard casts a spell at you. The magic dart hits you!
* * * LOW HITPOINT WARNING * * *
You closely miss the orc wizard.
The orc wizard is almost dead.
You block the orc's attack. x2
The orc wizard hits you but does no damage.
You slash the orc wizard!
You kill the orc wizard!
You block the orc's attack. The orc hits you but does no damage.
The orc closely misses you. The orc closely misses you.
You block the orc's attack.
Things that are here:
a +0 dagger; a +0 robe; an orc corpse The orc hits you but does no damage.
The orc completely misses you.
You riposte.
You hit the orc.
The orc is lightly wounded.
You are too injured to fight recklessly!
You are too injured to fight recklessly!
You are too injured to fight recklessly!
It was a potion of degeneration.
There was something very wrong with that liquid.
You feel weakened.
You feel dopey.
You feel clumsy. The orc hits you but does no damage.
The orc completely misses you.
Unknown command.
It was a potion of haste.
Your stasis prevents you from being hasted.
The orc barely misses you. You block the orc's attack.
You slash the orc!
You kill the orc!
The orc hits you with a +0 dagger.
You die...

.# .# ........ .# #
###......# # .###..#
........# .# .......
...#...#..### .###..#
##.###..'......... .#
........#... ..... .###.
##..##..#o###..... .......
........@))....... ...#...
##.......)........
.#........................
..........................
.#......#.......#.#####...
.............##'#+## ..
##.................# #
............##.....#
............##.....#


You could see an orc.

Vanquished Creatures
  An ogre (D:4)
  An orc priest (D:3)
  An orc wizard (D:4)
  4 gnolls
  2 adders
  8 orcs
  6 ball pythons
  5 endoplasms
  2 giant cockroaches (D:3)
  6 goblins
  4 hobgoblins
  6 jackals
  6 kobolds
  2 quokkas
  8 bats
  A frilled lizard (D:3)
  4 rats
67 creatures vanquished.

Vanquished Creatures (others)
  30 plants (D:3)
30 creatures vanquished.

Grand Total: 97 creatures vanquished

Notes
Turn   | Place    | Note
-------+----------+-------------------------------------------
     0 | D:1      | pyrow613 the Formicid Fighter began the quest for the Orb.
     0 | D:1      | Reached XP level 1. HP: 18/18 MP: 1/1
    37 | D:1      | Reached XP level 2. HP: 6/24 MP: 2/2
   516 | D:1      | Reached XP level 3. HP: 21/29 MP: 3/3
  1311 | D:2      | You fall into a shaft and drop 2 floors!
  1481 | D:3      | Found a faded altar of an unknown god.
  1670 | D:3      | Reached XP level 4. HP: 37/37 MP: 4/4
  2156 | D:3      | Reached XP level 5. HP: 13/42 MP: 5/5
  3073 | D:4      | Noticed an ogre
  3085 | D:4      | Killed an ogre
  3086 | D:4      | Reached XP level 6. HP: 8/49 MP: 6/6
  3609 | D:4      | HP: 2/49 [orc wizard/magic dart (7)]
  3616 | D:4      | Slain by an orc

Illustrated notes

Levels and vault maps discovered:
D:1:      lightli_arrival_statuegarden, layout_basic
D:2:      layout_basic, serial_shops, nicolae_square_shop, minmay_rat_hole
D:3:      layout_loops_corners, serial_bayou, serial_bayou_pond_c,
          serial_bayou_pond_e, serial_bayou_pond_e, serial_bayou_lagoon_a,
          hellmonk_ecumenical_altar_pennies_from_heaven
D:4:      layout_basic, minmay_unequal, uniq_grinder

Skill      XL: |  1  2  3  4  5 |
---------------+----------------+-----
Shields        | 4 |  4.8
Long Blades    | 3 4 |  4.3
Fighting       | 4 |  4.4
Armour         | 4 |  4.3

Action                   |  1- 3 |  4- 6 || total
-------------------------+-------+-------++-------
Melee: Long sword        |   119 |    97 ||   216
  Use: Potion            |       |     3 ||     3
Armor: Scale mail        |    84 |    47 ||   131
Dodge: Dodged            |    48 |    47 ||    95
Block: Kite shield       |    65 |    61 ||   126
       Rpst.: Long sword |    12 |    16 ||    28

Table legend: (Time is in decaauts)
 A = Elapsed time spent in this place.
 B = Non-inter-level travel time spent in this place.
 C = Inter-level travel time spent in this place.
 D = Time resting spent in this place.
 E = Time spent auto-exploring this place.
 F = Levels seen in this place.
 G = Mean time per level.
                   A        B        C        D        E       F      G
               +--------+--------+--------+--------+--------+-----+--------+
         Total |   3718 |   3639 |     79 |   1549 |   1558 |   4 |  929.5 |
       Dungeon |   3718 |   3639 |     79 |   1549 |   1558 |   4 |  929.5 |
               +--------+--------+--------+--------+--------+-----+--------+

Top non-repeatable levels by time:
     D:3: 1526 daAuts
     D:1: 968 daAuts
     D:4: 839 daAuts
     D:2: 383 daAuts
